 Dungeon Crawl Stone Soup version bcrawl-1.40.3b (webtiles) character file.

Game seed: 15663595863723426153

163067 petercordia the Cudgeler (level 5, 40/57 HPs)
             Began as an Ent Archaeologist on Feb 10, 2024.
             Got out of the dungeon alive.
             The game lasted 00:06:37 (2201 turns).

petercordia the Cudgeler (Ent Archaeologist)        Turns: 2201, Time: 00:06:38

Health: 40/57      AC: 14    Str: 18    XL:     5   Next: 25%
Magic:  5/5        EV: 10    Int: 15    God:
Gold:   193        SH:  0    Dex:  9    Spells: 4/4 levels left

rFire    . . .     GDR:     30% a - +0 whip
rCold    . . .     SeeInvis .   (no shield)
rNeg     + + +     Gourm    .   (armour unavailable)
rPois    +         Faith    .   c - +1 hat
rElec    .         Spirit   .   v - +0 cloak
rCorr    .         Reflect  .   (gloves unavailable)
MR       .....                  (boots unavailable)
Stlth    ++........             (no amulet)
HPRegen  0.19/turn              (no ring)
MPRegen  0.09/turn              (no ring)

@: very slow
A: large, slow actions, passwall, strong branches, negative energy resistance 3,
poison resistance, slow metabolism 1, torment resistance, unbreathing, AC +12
a: Passwall


You escaped.
You were hungry.

You visited 1 branch of the dungeon, and saw 3 of its levels.

You collected 193 gold pieces.

Inventory:

Hand Weapons
 a - a +0 whip (weapon)
 b - a +0 blowgun
 z - a cursed -3 club
Missiles
 d - 6 curare-tipped needles
 h - 224 arrows
 j - 417 stones
 k - 247 poisoned tomahawks (quivered)
 p - 950 sling bullets
 w - 63 needles of confusion
 B - 153 bolts
Armour
 c - a +1 hat (worn)
 v - a +0 cloak (worn)
Wands
 y - a wand of random effects (9)
Scrolls
 g - 4 scrolls of revelation
 i - 3 scrolls of identify
 m - a scroll of enchant weapon {unknown}
 o - 2 scrolls of noise {unknown}
 r - 5 scrolls of remove curse {unknown}
 s - 3 scrolls of blinking {unknown}
 t - a scroll of amnesia {unknown}
Potions
 l - a potion of magic {unknown}
 n - 3 potions of curing
 q - a potion of resistance {unknown}
 u - 2 potions of haste
 x - a potion of heal wounds {unknown}
 C - a potion of cancellation {unknown}
Comestibles
 e - 3 rations {!d}


   Skills:
 + Level 3.3 Fighting
 * Level 5.1 Maces & Flails
 - Level 2.6 Dodging
 - Level 3.6 Stealth


You had 4 spell levels left.
You didn't know any spells.
Your spell library was empty.

Dungeon Overview and Level Annotations

Branches:
Dungeon (3/12)

Altars:
Dithmenos
Fedhas

Annotations:
D:2 1 runed door, Sigmund


Innate Abilities, Weirdness & Mutations

You move and act slowly.
You can pass through walls and trees.
Your branches can wield two-handed weapons with a shield.
Your thick bark is tough. (AC +12)
You are too large for most types of armour.
You are immune to negative energy. (rN+++)
Your system is resistant to poisons. (rPois)
You have a slow metabolism.
You are immune to unholy pain and torment.
You can survive without breathing.


Message History

Where to? (? - help)
What level of the Dungeon? (default 1, ? - help) Eating a chunk of flesh.
You eat the chunk of flesh.
This raw flesh tastes terrible.
You see here a +0 club.
Your extra speed is starting to run out.
You feel yourself slow down.
There is a shadowy altar of Dithmenos here.
There is a stone staircase leading up here.
You climb upwards.
There is a stone staircase leading down here.
There is an open door here.
There is an open door here.
There is a staircase leading out of the dungeon here.
Are you sure you want to leave the Dungeon?
This will make you lose the game!
Uppercase [Y]es or [N]o only, please.
Are you sure you want to leave the Dungeon?
This will make you lose the game!
Alright, then stay!
Are you sure you want to leave the Dungeon?
This will make you lose the game!
You have escaped!

######### ##.......##
######....@....######
##.^.................##
#...⌠....##'##....⌠...#
#........#...#........# ###
#........'8.8+........# ..##
###########'###########
...####.)............#....#######
.....##..........#####....##.....
.###.##..........#####.......####


There were no monsters in sight!

Vanquished Creatures
  An orc wizard (D:2)
  3 adders (D:3)
  3 gnolls
  3 worms
  3 dart slugs (D:1)
  3 leopard geckos
  2 orcs (D:2)
  5 giant cockroaches
  7 goblins
  7 hobgoblins
  6 jackals
  A ball python (D:3)
  7 bats
  2 frilled lizards
  7 kobolds
  7 rats
67 creatures vanquished.

Notes
Turn   | Place    | Note
-------+----------+-------------------------------------------
     0 | D:1      | petercordia the Ent Archaeologist began the quest for the
                  | Orb.
     0 | D:1      | Reached XP level 1. HP: 21/21 MP: 1/1
    54 | D:1      | Reached skill level 2 in Maces & Flails
    61 | D:1      | Reached XP level 2. HP: 9/29 MP: 2/2
   370 | D:1      | Reached skill level 3 in Maces & Flails
   459 | D:1      | Reached XP level 3. HP: 37/37 MP: 3/3
   732 | D:2      | Found a shadowy altar of Dithmenos.
   990 | D:2      | Noticed Sigmund
  1097 | D:2      | Found a runed door.
  1586 | D:3      | Reached XP level 4. HP: 44/47 MP: 4/4
  1590 | D:3      | Reached skill level 4 in Maces & Flails
  1878 | D:3      | Found a blossoming altar of Fedhas.
  2056 | D:3      | Reached XP level 5. HP: 37/57 MP: 5/5
  2056 | D:3      | Identified a scroll of acquirement
  2111 | D:2      | Reached skill level 5 in Maces & Flails
  2201 | D:$      | Got out of the dungeon alive.

Skill      XL: |  1  2  3  4  5 |
---------------+----------------+-----
Maces & Flails | 2 3 4 5 |  5.1
Fighting       | 2 3 |  3.3
Dodging        | |  2.6
Stealth        | |  3.6

Action                   |  1- 3 |  4- 6 || total
-------------------------+-------+-------++-------
Melee: Whip              |   180 |   202 ||   382
Throw: Tomahawk          |     1 |       ||     1
  Use: Potion            |       |     4 ||     4
       Scroll            |       |     1 ||     1
 Stab: Sleeping          |     6 |     3 ||     9
  Eat: Chunk             |     6 |     7 ||    13
Armor: Skin              |   149 |   162 ||   311
Dodge: Dodged            |   154 |   156 ||   310
